 Seeded DCSS version 0.27.1-2-g3b301248ec (webtiles) character file.

Game seed: 17979796883088392625 (custom seed)

90 babuloseo the Twirler (level 4, -28/34 HPs)
             Began as a Human Gladiator on Sept 26, 2021.
             Blown up by Ijyb (32 damage)
             ... with a mindburst bolt
             ... on level 3 of the Dungeon.
             The game lasted 00:02:11 (1882 turns).

babuloseo the Twirler (Human Gladiator)             Turns: 1882, Time: 00:02:11

Health: -28/34     AC: 11    Str: 15    XL:     4   Next: 85%
Magic:  4/4        EV:  5    Int:  8    God:
Gold:   70         SH:  0    Dex: 15    Spells: 3/3 levels left

rFire    . . .     SeeInvis .   a - +0 quarterstaff
rCold    . . .     Faith    .   (shield currently unavailable)
rNeg     . . .     Spirit   .   r - +0 plate armour
rPois    .         Reflect  .   c - +0 helmet
rElec    .         Harm     .   (no cloak)
rCorr    .         Rampage  .   (no gloves)
Will     .....                  (no boots)
Stlth    ..........             h - amulet of regeneration
HPRegen  1.11/turn              (no ring)
MPRegen  0.09/turn              (no ring)

@: no status effects
A: no striking features
a: no special abilities


You were on level 3 of the Dungeon.
You visited 1 branch of the dungeon, and saw 3 of its levels.

You collected 70 gold pieces.

Inventory:

Hand Weapons
 a - a +0 quarterstaff (weapon)
Missiles
 d - 2 throwing nets (quivered)
Armour
 b - a +0 leather armour
 c - a +0 helmet (worn)
 r - a +0 plate armour (worn)
Jewellery
 h - an amulet of regeneration (around neck)
 n - a +4 ring of slaying
 p - a ring of fire
Scrolls
 g - a scroll of enchant armour {unknown}
 k - a scroll of noise {unknown}
 m - a scroll of teleportation {unknown}
 o - a scroll of magic mapping {unknown}
Potions
 e - a potion of berserk rage {unknown}
 f - 2 potions of curing {unknown}
 i - 2 potions of invisibility {unknown}
 j - a potion of cancellation {unknown}
 l - a potion of might {unknown}
 q - a potion of resistance {unknown}


   Skills:
 + Level 2.3 Fighting
 * Level 4.3 Staves
 + Level 2.1 Throwing
 + Level 1.0 Armour
 + Level 3.4 Dodging
 + Level 0.6 Stealth


You had 3 spell levels left.
You didn't know any spells.
Your spell library contained the following spells:

 Spells                   Type           Power      Damage    Failure   Level
 Static Discharge         Conj/Air       0%         N/A       100%        2
 Dispel Undead            Necr           0%         3d6       100%        4
 Sticky Flame             Conj/Fire      0%         2d3       100%        4


Dungeon Overview and Level Annotations

Branches:
Dungeon (3/15)

Altars:

Shops:
D:3 (:[[

Annotations:
D:3 Ijyb


Message History

Ouch! That really hurt!
* * * LOW HITPOINT WARNING * * *
Unknown command.
There is a stone staircase leading up here.
You climb upwards.
There is a stone staircase leading down here.
You start resting.
HP restored.
You climb downwards.
Level annotation: Ijyb
There is a stone staircase leading up here.
You hit Ijyb.
Ijyb is lightly wounded.
Ijyb zaps a wand.
You barely resist. You hit Ijyb.
Ijyb is moderately wounded.
Ijyb barely misses you.
You closely miss Ijyb.
Ijyb is moderately wounded.
Ijyb hits you but does no damage.
Your plate armour prevents you from hitting Ijyb.
Ijyb is moderately wounded.
Ijyb hits you with a +0 club.
You hit Ijyb but do no damage.
Ijyb is moderately wounded.
Ijyb hits you with a +0 club.
You barely miss Ijyb.
Ijyb is moderately wounded.
Ijyb zaps a wand.
Your mind is blasted!
Ouch! That really hurt!
* * * LOW HITPOINT WARNING * * *
You are too injured to fight recklessly!
You are too injured to fight recklessly!
You are too injured to fight recklessly!
Unknown command.
You closely miss Ijyb.
Ijyb is moderately wounded.
Ijyb zaps a wand.
Your mind is blasted!
Ouch! That really hurt!
You die...

#.#######.##.######.##
######.......#.....# #.#
##.....######.####..#####.##
#......#....#.#.(......#...#
###'#....#.##...#)###.#..#...#
#.'∩'....#.###...........#...#
#.#'#....#....)...#.#....#...#
#.#......###...##.#.)....#...#
#......#####.@..#.#......#...#
###......#..<#g..........#....
#....#.#####..###......#####
#....#........# #......# #
#....########.# #......# #
#....#####....# ######## #
#.....g....#### # #....#######
# #....# #


You could see Ijyb.

Vanquished Creatures
  An iguana (D:2)
  An adder (D:2)
  A dart slug (D:1)
  A worm (D:3)
  4 ball pythons
  3 endoplasms
  2 giant cockroaches
  12 goblins
  2 hobgoblins (D:1)
  2 jackals (D:1)
  3 bats
  6 frilled lizards
  5 kobolds
  6 rats (D:1)
49 creatures vanquished.

Notes
Turn   | Place    | Note
-------+----------+-------------------------------------------
     0 | D:1      | babuloseo the Human Gladiator began the quest for the Orb.
     0 | D:1      | Reached XP level 1. HP: 16/16 MP: 1/1
    75 | D:1      | Reached XP level 2. HP: 22/22 MP: 2/2
   412 | D:1      | Reached XP level 3. HP: 24/27 MP: 3/3
   842 | D:2      | Reached skill level 4 in Staves
   842 | D:2      | Reached XP level 4. HP: 33/33 MP: 4/4
  1248 | D:2      | Found a faded altar of an unknown god.
  1476 | D:3      | Found Cuh Hufu's Antique Armour Emporium.
  1508 | D:3      | Found Naoreuss's Book Shoppe.
  1556 | D:3      | Reached skill level 1 in Armour
  1636 | D:3      | Found Ynoatz's Antique Armour Emporium.
  1812 | D:3      | Found Boshruss's Antique Weapon Emporium.
  1843 | D:3      | Noticed Ijyb
  1882 | D:3      | Blown up by Ijyb

Illustrated notes

Levels and vault maps discovered:
D:1:      minmay_arrival_cross, layout_loops_ring
D:2:      layout_rooms, shapermc_ecumenical_altar_venn
D:3:      layout_basic, serial_shops, shop, nicolae_shop_behind_doors, shop,
          shop, uniq_ijyb

Skill      XL: |  1  2  3  4 |
---------------+-------------+-----
Staves         | 4 |  4.3
Armour         | 1 |  1.0
Fighting       | |  2.3
Throwing       | |  2.1
Dodging        | |  3.4
Stealth        | |  0.6

Action                   |  1- 3 |  4- 6 || total
-------------------------+-------+-------++-------
Melee: Quarterstaff      |    77 |    69 ||   146
Throw: Throwing net      |     1 |       ||     1
 Stab: Sleeping          |     2 |       ||     2
Armor: Leather armour    |    19 |    12 ||    31
       Plate armour      |       |    10 ||    10
Dodge: Dodged            |    56 |    35 ||    91
